Map: Torches LE

Players

SHIN - Winner!

  • Race: Zerg Zerg
  • Spawn Location: 5:00

trigger

  • Race: Protoss Protoss
  • Spawn Location: 1:00

Event: Esports World Cup 2025

VOD

Have the link to the VOD?

Description

Time

  • Played on: July 23, 2025, 5:12 a.m.
  • Length: 10:01

All games in this series

Show
View Real Time Build Order
Export as new Build Order

SHIN Zerg - Winner!

Build Orders: Hatch First 

Get SALT Encoding   

  12  0:00  Drone  
  13  0:08  Drone  
  13  0:14  Extractor  
  13  0:15  Drone  
  15  0:23  Overlord  
  15  0:42  Drone  
  16  0:48  Hatchery  
  15  0:52  Drone  
  15  0:56  Drone  
  17  1:00  Drone  
  18  1:10  Extractor  
  17  1:15  Spawning Pool  
  16  1:18  Drone  
  16  1:21  Drone  
  18  1:28  Drone  
  19  1:38  Drone  
  20  2:01  Queen x2  
  20  2:05  Zergling x2  
  26  2:08  Drone  
  26  2:13  Metabolic Boost  
  26  2:17  Zergling x2  
  26  2:21  Overlord  
  27  2:24  Zergling x2  
  28  2:38  Queen  
  28  2:40  Zergling x2  
  28  2:41  Drone x2  
  33  2:51  Hatchery  
  32  2:53  Overlord  
  32  2:57  Drone  
  33  2:58  Drone  
  33  3:05  Drone x2  
  36  3:09  Overlord  
  36  3:13  Drone  
  36  3:14  Zergling x4  
  36  3:19  Drone  
  40  3:23  Drone  
  40  3:24  Drone  
  40  3:29  Spore Crawler  
  40  3:30  Spore Crawler  
  40  3:31  Drone  
  40  3:33  Drone  
  38  3:40  Queen  
  40  3:46  Zergling x4  
  39  3:48  Zergling x2  
  39  3:55  Zergling x6  
  43  3:56  Zergling x2  
  43  3:58  Zergling x2  
  43  3:59  Zergling x2  
  46  4:05  Zergling x2  
  46  4:09  Zergling x2  
  48  4:11  Zergling x2  
  48  4:13  Queen  
  48  4:15  Zergling x2  
  52  4:17  Zergling x2  
  52  4:19  Zergling x2  
  52  4:22  Zergling x4  
  56  4:24  Drone  
  56  4:28  Zergling x2  
  56  4:30  Overlord  
  56  4:31  Drone  
  56  4:34  Drone  
  56  4:37  Drone x2  
  57  4:40  Zergling x2  
  54  4:46  Zergling x4  
  54  4:48  Spore Crawler  
  54  4:49  Zergling x2  
  55  4:53  Zergling x4  
  55  4:54  Zergling x4  
  55  4:59  Zergling x2  
  59  5:04  Zergling x4  
  55  5:07  Zergling x2, Queen  
  55  5:14  Zergling x2  
  54  5:15  Zergling x2  
  54  5:19  Zergling x2  
  53  5:23  Zergling x2, Queen  
  53  5:26  Zergling x2  
  53  5:28  Zergling x4  
  55  5:29  Zergling x4  
  55  5:35  Zergling x2  
  54  5:38  Queen  
  54  5:40  Zergling x4  
  53  5:46  Zergling x2  
  54  5:51  Zergling x2  
  54  5:52  Zergling x2  
  54  5:55  Zergling x6  
  54  5:56  Drone  
  57  5:58  Queen  
  57  6:02  Queen  
  59  6:04  Zergling x4  
  59  6:07  Spore Crawler  
  59  6:08  Zergling x2  
  61  6:11  Zergling x2  
  61  6:15  Zergling x2  
  59  6:18  Zergling x2  
  59  6:22  Zergling x2  
  59  6:23  Zergling x6  
  58  6:30  Zergling x4  
  58  6:34  Zergling x8  
  58  6:38  Zergling x2, Queen  
  64  6:44  Drone  
  64  6:45  Drone  
  63  6:49  Zergling x2  
  63  6:54  Zergling x2  
  62  6:55  Zergling x2  
  62  6:59  Zergling x2, Queen x2  
  65  7:04  Zergling x2  
  65  7:08  Zergling x2  
  61  7:09  Zergling x2  
  58  7:16  Drone x2  
  58  7:18  Drone x6  
  58  7:19  Overlord  
  58  7:22  Overlord  
  65  7:24  Overlord  
  65  7:30  Overlord  
  65  7:36  Zergling x4  
  65  7:39  Roach Warren  
  65  7:40  Zergling x4  
  66  7:46  Drone x2  
  66  7:48  Drone x2  
  70  7:55  Zergling x2  
  63  8:01  Drone x3  
  63  8:04  Extractor x2  
  64  8:12  Spore Crawler  
  58  8:13  Zergling x14  
  62  8:20  Roach x2  
  62  8:21  Roach x3  
  62  8:25  Roach  
  62  8:26  Roach  
  72  8:31  Drone  
  73  8:37  Drone x2  
  73  8:40  Extractor  
  74  8:42  Zergling x12  
  74  8:44  Zergling x2  
  81  8:51  Zergling x2, Overlord, Ravager  
  81  8:54  Zergling x2  
  84  8:57  Ravager  
  84  8:58  Zergling x2  
  84  9:00  Queen  
  84  9:01  Overlord  
  84  9:02  Zergling x2, Overlord  
  89  9:03  Overlord  
  89  9:09  Overlord  
  88  9:15  Ravager x2  
  88  9:16  Zergling x4, Overlord  
  88  9:17  Zergling x4  
  93  9:18  Zergling x2  
  93  9:20  Zergling x2  
  93  9:21  Zergling x2  
  93  9:22  Ravager  
  93  9:23  Ravager  
  95  9:25  Roach  
  95  9:27  Roach  
  95  9:29  Roach  
  101  9:32  Roach  
  101  9:33  Zergling x2  
  101  9:38  Overlord  
  102  9:44  Zergling x2  
Show
View Real Time Build Order
Export as new Build Order

trigger Protoss 

Build Orders: 1 Gate Expand, Oracle Opening 

Get SALT Encoding   

  12  0:00  Probe  
  13  0:12  Probe  
  14  0:21  Pylon  
  14  0:24  Probe  
  15  0:35  Probe  
  16  0:43  Gateway, Probe  
  16  0:44  Assimilator  
  17  0:53  Probe  
  18  1:05  Probe  
  19  1:17  Probe  
  20  1:25  Nexus  
  20  1:34  Cybernetics Core  
  20  1:41  Probe  
  20  1:44  Assimilator  
  21  1:50  Pylon  
  21  1:53  Probe  
  22  2:00  Adept  
  22  2:06  Probe  
  25  2:18  Probe  
  25  2:20  Adept  
  25  2:21  Stargate  
  26  2:30  Probe  
  26  2:34  Probe  
  26  2:36  Warp Gate  
  29  2:42  Probe x2  
  31  2:50  Adept  
  34  2:52  Probe  
  34  2:54  Probe  
  34  2:57  Oracle  
  36  3:04  Probe  
  37  3:06  Probe  
  41  3:14  Pylon  
  41  3:16  Probe  
  41  3:18  Probe  
  43  3:24  Oracle  
  43  3:28  Probe  
  43  3:30  Probe  
  43  3:39  Gateway  
  43  3:40  Probe  
  45  3:42  Probe, Adept  
  48  3:52  Probe  
  48  3:53  Pylon  
  48  3:54  Probe  
  50  4:04  Probe  
  50  4:07  Pylon, Probe  
  52  4:10  Assimilator  
  52  4:21  Nexus  
  47  4:27  Stalker  
  47  4:29  Probe  
  50  4:32  Probe  
  50  4:34  Adept  
  49  4:41  Probe  
  50  4:47  Shield Battery, Assimilator  
  48  4:53  Adept  
  48  4:54  Adept  
  48  4:57  Pylon  
  48  4:59  Shield Battery  
  52  5:04  Probe  
  52  5:05  Probe  
  53  5:07  Shield Battery  
  53  5:13  Pylon  
  50  5:30  Pylon  
  50  5:32  Shield Battery  
  50  5:34  Adept  
  52  5:40  Adept  
  52  5:45  Pylon  
  52  5:48  Probe x2  
  54  5:56  Adept  
  56  6:00  Adept  
  58  6:07  Gateway  
  58  6:09  Twilight Council  
  58  6:16  Adept  
  58  6:21  Adept  
  51  6:34  Gateway  
  51  6:37  Gateway  
  51  6:39  Adept  
  49  6:42  Shield Battery x2  
  49  6:43  Adept  
  51  6:48  Probe x2  
  48  6:59  Adept  
  48  7:00  Probe  
  43  7:03  Zealot  
  43  7:04  Probe  
  43  7:05  Zealot  
  34  7:09  Resonating Glaives  
  33  7:25  Adept x2  
  37  7:30  Adept  
  37  7:31  Sentry  
  37  7:34  Probe  
  42  7:41  Stalker  
  42  7:47  Zealot  
  42  7:52  Adept  
  42  7:55  Probe  
  42  7:56  Zealot  
  46  8:08  Adept x2  
  38  8:21  Probe  
  38  8:25  Probe  
  38  8:32  Probe, Adept  
  40  8:35  Assimilator  
  40  8:38  Adept  
  43  8:42  Adept  
  43  8:43  Probe  
  43  8:48  Adept  
  48  8:54  Adept  
  50  8:55  Probe  
  50  8:57  Adept  
  50  9:00  Probe  
  54  9:10  Probe  
  54  9:12  Probe  
  54  9:16  Adept  
  58  9:18  Adept  
  58  9:22  Probe  
  59  9:26  Stalker  
  61  9:32  Sentry  
  61  9:34  Probe  
  61  9:36  Adept  
  66  9:45  Adept x2  
  62  9:49  Adept  
Tags
 
Add a new tag
Caveats
  • Supply blocks, unpowered buildings, or Contaminate may cause inaccurate times.
  • Supply counts are checked every 10 seconds.